Map: Dusk Towers

Players

AcerBly (Bly) - Winner!

  • Race: Zerg Zerg

sCvKING

  • Race: Terran Terran

VOD

Have the link to the VOD?

Description

Time

  • Played on: Dec. 14, 2015, 3:43 p.m.
  • Length: 11:23
Show
View Real Time Build Order
Export as new Build Order

AcerBly Zerg - Winner!

Build Orders: Hatch First 

Get SALT Encoding   

  12  0:01  Drone  
  13  0:12  Overlord  
  13  0:19  Drone  
  14  0:31  Drone x2  
  17  0:35  Drone  
  17  0:47  Drone  
  18  0:56  Hatchery  
  17  1:05  Extractor  
  16  1:11  Spawning Pool  
  16  1:14  Drone  
  16  1:17  Drone  
  17  1:21  Drone  
  18  1:33  Drone  
  19  1:42  Overlord  
  19  1:58  Queen  
  19  2:00  Zergling x2  
  22  2:01  Zergling x2  
  22  2:04  Metabolic Boost  
  22  2:08  Queen  
  23  2:09  Zergling x2  
  23  2:12  Drone  
  27  2:21  Drone  
  28  2:24  Drone  
  29  2:33  Drone x2  
  29  2:35  Queen  
  33  2:44  Extractor  
  33  2:51  Drone x3  
  33  2:56  Overlord  
  36  3:00  Lair  
  36  3:11  Overlord  
  36  3:16  Drone x5  
  41  3:20  Extractor  
  41  3:22  Drone x3  
  43  3:27  Overlord  
  42  3:34  Extractor  
  42  3:35  Extractor  
  42  3:37  Drone x3  
  42  3:45  Drone  
  42  3:46  Drone x2  
  45  3:52  Zergling x6  
  45  3:53  Zergling x4  
  50  3:59  Spire  
  49  4:04  Overlord  
  49  4:07  Overlord  
  49  4:14  Drone x2  
  51  4:17  Overlord  
  51  4:20  Overlord  
  51  4:27  Drone x3  
  54  4:32  Zergling x2  
  54  4:33  Zergling x4  
  57  4:43  Hatchery  
  56  4:48  Overlord  
  51  5:08  Overseer  
  51  5:11  Mutalisk x6  
  62  5:15  Drone  
  62  5:28  Drone x4  
  62  5:30  Zerg Flyer Weapons Level 1  
  62  5:34  Infestation Pit  
  63  5:43  Drone x3  
  63  5:47  Drone x2  
  68  5:58  Drone  
  68  5:59  Drone x3  
  68  6:00  Drone x2  
  70  6:07  Queen  
  70  6:08  Drone x2  
  73  6:12  Lair  
  73  6:16  Drone x4  
  77  6:22  Overlord  
  77  6:25  Overlord  
  77  6:30  Infestor x2  
  77  6:32  Infestor x2  
  85  6:45  Zergling x10  
  90  6:59  Zergling x2  
  90  7:00  Zergling x8  
  95  7:11  Zergling x2  
  95  7:12  Zergling x6  
  97  7:19  Hive  
  95  7:30  Drone x7  
  95  7:31  Drone x2  
  95  7:34  Extractor  
  95  7:35  Extractor  
  102  7:41  Overlord  
  102  7:45  Overlord  
  102  7:46  Overlord x6  
  102  7:47  Hatchery  
  102  7:51  Hatchery  
  100  7:58  Infestor x3  
  100  8:02  Overlord  
  100  8:04  Drone x2  
  100  8:05  Drone x4  
  112  8:06  Evolution Chamber  
  112  8:07  Evolution Chamber  
  112  8:11  Zergling x4  
  102  8:32  Zerg Melee Weapons Level 1  
  102  8:33  Zerg Ground Armor Level 1  
  102  8:35  Adrenal Glands, Ultralisk Cavern  
  102  8:37  Zergling x2  
  102  8:38  Zergling x16  
  102  8:41  Overseer  
  106  8:55  Zergling x10  
  97  9:06  Drone x4  
  97  9:09  Corruptor  
  101  9:10  Corruptor x4  
  101  9:13  Extractor  
  101  9:16  Extractor  
  109  9:24  Chitinous Plating  
  109  9:26  Ultralisk x2  
  109  9:29  Zergling x2  
  109  9:30  Zergling x10  
  127  9:49  Zergling x2  
  127  9:50  Zergling x34  
  145  10:06  Ultralisk x2  
  141  10:22  Zergling x24  
  141  10:24  Overlord  
  147  10:33  Ultralisk  
  142  10:48  Zergling x2  
  142  10:49  Zergling x24  
Show
View Real Time Build Order
Export as new Build Order

sCvKING Terran 

Build Orders: Reaper Expand, Hellion Banshee, MMM Bio 

Get SALT Encoding   

  12  0:01  SCV  
  13  0:13  SCV  
  14  0:17  Supply Depot  
  14  0:25  SCV  
  15  0:39  SCV  
  15  0:40  Barracks  
  16  0:46  Refinery  
  16  0:51  SCV  
  17  1:03  SCV  
  18  1:15  SCV  
  19  1:27  Orbital Command  
  19  1:29  Reaper  
  20  1:43  Command Center  
  20  1:51  Supply Depot  
  20  1:53  SCV  
  21  2:00  Refinery  
  21  2:01  Marine  
  21  2:05  SCV  
  23  2:15  Factory  
  23  2:17  SCV  
  24  2:27  Barracks Reactor  
  25  2:30  SCV  
  25  2:42  SCV  
  25  2:54  SCV  
  25  2:55  Orbital Command  
  26  3:00  Starport  
  26  3:06  Hellion x2  
  26  3:08  SCV  
  31  3:14  Barracks Tech Lab  
  31  3:17  Supply Depot  
  31  3:20  SCV  
  31  3:21  SCV  
  33  3:28  Hellion x2  
  33  3:32  SCV  
  33  3:33  SCV  
  39  3:44  SCV, Cloaking Field, Banshee  
  43  3:49  SCV, Hellion x2  
  43  3:53  Supply Depot  
  43  3:54  Barracks Tech Lab  
  48  3:56  SCV  
  48  4:01  SCV  
  50  4:08  SCV  
  51  4:13  SCV  
  52  4:20  SCV, Factory Reactor  
  52  4:24  Command Center  
  53  4:25  SCV, Stimpack, Marine  
  53  4:29  Banshee  
  58  4:37  Supply Depot  
  58  4:38  Barracks  
  58  4:40  SCV  
  58  4:45  SCV  
  58  4:46  Barracks  
  58  4:48  Marine  
  58  4:52  SCV  
  60  4:53  Engineering Bay  
  60  4:55  Engineering Bay  
  60  4:57  SCV  
  57  5:04  SCV  
  57  5:06  Marine  
  53  5:09  SCV  
  53  5:13  Refinery x2  
  54  5:16  SCV, Factory Reactor  
  55  5:21  SCV, Starport Reactor  
  55  5:24  Marine  
  55  5:25  Marine  
  55  5:31  Terran Infantry Weapons Level 1, Terran Infantry Armor Level 1  
  55  5:33  SCV  
  56  5:37  Orbital Command  
  56  5:41  Supply Depot  
  56  5:42  Barracks  
  56  5:43  Supply Depot  
  56  5:45  Barracks  
  56  5:46  SCV, Liberator  
  56  5:48  Marine  
  56  5:49  Marine  
  59  5:52  Marine  
  59  5:54  Marine  
  59  5:55  Marine, Widow Mine x2  
  66  5:59  Medivac  
  66  6:00  SCV  
  72  6:10  Missile Turret  
  69  6:12  Missile Turret  
  69  6:13  Marine x2  
  69  6:15  Liberator  
  69  6:18  Missile Turret  
  71  6:19  Marine  
  71  6:22  Marine  
  71  6:23  Marine  
  71  6:24  SCV  
  75  6:26  Orbital Command  
  78  6:33  Barracks Reactor  
  78  6:34  Barracks Reactor, Combat Shields  
  78  6:37  SCV  
  77  6:41  Marine x4  
  77  6:42  SCV, Marine  
  81  6:52  SCV  
  81  6:54  SCV  
  81  6:55  SCV  
  81  6:59  Marine x4, Widow Mine x2  
  81  7:00  Liberator x2  
  91  7:02  Marine  
  91  7:04  SCV  
  91  7:06  SCV  
  92  7:09  Missile Turret  
  92  7:11  SCV  
  92  7:14  Marine  
  90  7:16  SCV  
  90  7:17  Marine x3  
  90  7:22  Marine x2  
  97  7:23  Marine  
  97  7:24  SCV  
  97  7:26  SCV  
  99  7:34  Refinery  
  99  7:35  SCV, Armory  
  100  7:40  SCV  
  100  7:43  Supply Depot  
  100  7:44  SCV, Supply Depot  
  99  7:49  Supply Depot, Widow Mine  
  101  7:53  Concussive Shells  
  101  8:04  Widow Mine  
  101  8:05  Marauder, Marine x3  
  108  8:09  Marine  
  108  8:10  Supply Depot  
  108  8:11  Supply Depot  
  108  8:12  SCV x3  
  110  8:13  Barracks x2  
  110  8:17  Refinery  
  108  8:23  Marine  
  108  8:24  SCV  
  106  8:28  Marine  
  106  8:29  Marine x2  
  106  8:30  Medivac x2, Marine  
  110  8:36  SCV x2  
  110  8:37  Marine x2  
  110  8:39  Terran Infantry Weapons Level 2, Terran Infantry Armor Level 2  
  96  8:57  Marine x4  
  96  8:58  Marine x2  
  96  9:00  SCV x2  
  100  9:04  Command Center  
  100  9:06  Widow Mine x2, Marine x2  
  106  9:10  Marine, Medivac x2  
  106  9:12  Barracks Tech Lab  
  106  9:13  Barracks Reactor  
  106  9:15  SCV, Marine x2  
  106  9:16  Refinery  
  112  9:18  Supply Depot  
  112  9:24  Marine  
  112  9:25  Marine x2  
  115  9:35  Marine  
  116  9:42  Widow Mine, Marine x3  
  116  9:43  Marine x2  
  123  9:47  Supply Depot  
  123  9:48  Medivac  
  123  9:49  Medivac  
  127  9:55  Marine  
  127  9:58  Marine x2  
  127  9:59  Marine  
  119  10:02  Marine x2  
  109  10:07  SCV  
  109  10:09  Marine x5  
  109  10:13  SCV  
  98  10:17  SCV  
  98  10:18  Medivac  
  98  10:19  Medivac  
  98  10:20  SCV  
  101  10:25  SCV  
  99  10:29  SCV, Marine x2  
  99  10:34  Marine  
  99  10:35  Marine  
  91  10:36  SCV  
  63  10:44  Marine x2  
  63  10:45  SCV, Marauder  
  63  10:47  Marine x2  
  53  10:51  Marine  
Tags
 
Add a new tag
Caveats
  • Supply blocks, unpowered buildings, or Contaminate may cause inaccurate times.
  • Supply counts are checked every 10 seconds.